AoeStats
← wxm

Arena

510769617Analyzed
1v1 RM · 8h ago on Oct 2, 2026· 112m 50s· 2 players
Game mode
Random Map
Map size
Tiny (2 player)
Population
200
Speed
Normal
Resources
Standard
Victory
Conquest
Starting age
Dark Age
Ending age
Imperial Age
RankedLock teamsTeams togetherTeam positionsShared explorationLock speedFull tech treeHidden civsTurbo modeCheats
Victory
Defeat
🇨🇳 Burgundians · China
487
+17
🇮🇳 Dravidians · India
516
-17
wxm
9:40 Feudal Age
8:03 Horse Collar
12:31 Double-Bit Axe
14:16 Heavy Plow
16:52 Wheelbarrow
20:10 Castle Age
18:31 Stone Mining
18:31 Gold Mining
19:21 Wheelbarrow
18:41 Man-at-Arms
19:35 Forging
19:38 Scale Barding Armor
21:23 Crop Rotation
21:16 Husbandry
22:07 Stone Shaft Mining
23:35 Long Swordsman
24:59 Squires
25:58 Arson
27:14 Wheelbarrow
30:11 Bow Saw
30:11 Herbal Medicine
31:40 Hand Cart
31:45 Scale Mail Armor
32:11 Ballistics
35:32 Treadmill Crane
36:03 Masonry
35:51 Murder Holes
36:07 Fortified Wall
35:47 Guard Tower
36:01 Fletching
38:05 Burgundian Vineyards
41:43 Imperial Age
40:40 Devotion
41:02 Sanctity
42:43 Guilds
42:24 Town Watch
42:33 Capped Ram
43:58 Two-Handed Swordsman
46:25 Elite Coustillier
48:35 Iron Casting
47:56 Bodkin Arrow
48:01 Padded Archer Armor
52:17 Onager
53:48 Hoardings
52:46 Sappers
54:39 Gold Shaft Mining
54:44 Champion
55:35 Flemish Revolution
58:57 Blast Furnace
58:12 Chain Mail Armor
58:17 Chain Barding Armor
58:13 Leather Archer Armor
57:58 Bracer
59:01 Chemistry
57:46 Arrowslits
58:37 Keep
58:32 Architecture
65:27 Plate Barding Armor
65:23 Plate Mail Armor
65:16 Bombard Tower
71:45 Siphons
71:51 Clinker Construction
71:51 Careening
71:48 Town Patrol
71:33 Loom
71:39 Loom
71:32 Pikeman
72:41 Conscription
71:42 Cavalier
71:44 Light Cavalry
73:03 Incendiaries
74:13 Faith
74:19 Illumination
74:10 Block Printing
74:06 Fervor
73:56 Atonement
74:07 Redemption
78:44 Spies/Treason
83:10 Halberdier
101:49 Elite Skirmisher
amazingkabali
7:18 Loom
10:11 Feudal Age
11:28 Wheelbarrow
10:36 Horse Collar
10:46 Double-Bit Axe
12:46 Town Watch
15:57 Gold Mining
19:42 Stone Mining
24:08 Castle Age
21:43 Man-at-Arms
22:34 Fletching
24:29 Forging
24:25 Arson
24:30 Long Swordsman
25:28 Crossbowman
26:00 Gambesons
26:25 Heavy Plow
27:03 Thumb Ring
27:49 Elite Skirmisher
29:56 Bodkin Arrow
30:37 Iron Casting
30:03 Scale Mail Armor
30:03 Padded Archer Armor
30:28 Hand Cart
30:27 Bow Saw
33:12 Chain Mail Armor
35:06 Herbal Medicine
41:06 Imperial Age
39:40 Pikeman
40:06 Gambesons
40:22 Squires
42:04 Halberdier
43:40 Hoardings
45:20 Conscription
49:35 Wootz Steel
49:54 Two-Handed Swordsman
52:16 Two-Man Saw
54:36 Champion
55:26 Bracer
55:43 Leather Archer Armor
66:25 Ballistics
71:48 Elite Urumi Swordsman
75:53 Chemistry
75:04 Fortified Wall
74:50 Murder Holes
75:10 Masonry
77:34 Blast Furnace
77:05 Plate Mail Armor
76:42 Scale Barding Armor
79:38 Ring Archer Armor
79:39 Town Patrol
Connection lost

Rejoining the realm…

Still unreachable

The connection could not be restored.

Session expired

The server has moved on; the page needs a fresh start.